 Dungeon Crawl Stone Soup version 0.28.0-53-g5a82cb258f (webtiles) character file.

Game seed: 13197955869137475534

4778 MisterFreud the Covert (level 10, -4/82 HPs)
             Began as a Gnoll Delver on July 7, 2022.
             Was a Follower of Ru.
             Slain by a two-headed ogre
             ... wielding a +0 giant spiked club
              (14 damage)
             ... on level 10 of the Dungeon.
             The game lasted 00:13:40 (10280 turns).

MisterFreud the Covert (Gnoll Delver)              Turns: 10280, Time: 00:13:41

Health: -4/82      AC: 15    Str: 19    XL:     10   Next: 47%
Magic:  17/17      EV: 11    Int: 13    God:    Ru [*.....]
Gold:   444        SH: 14    Dex: 14    Spells: 19/19 levels left

rFire   . . .      SeeInvis .   F - +6 falchion of Roosea {vorpal, rPois rCorr Str+3 Stlth-}
rCold   . . .      Faith    .   s - +0 kite shield
rNeg    + + .      Spirit   .   i - +1 ring mail of Shadows and Fog {Str+4}
rPois   +          Reflect  +   (no helmet)
rElec   .          Harm     .   v - +1 cloak
rCorr   +          Rampage  .   j - +0 pair of gloves
Will    .....                   x - +0 pair of boots
Stlth   +++.......              y - amulet of reflection
HPRegen 0.23/turn               h - +4 ring of evasion
MPRegen 0.15/turn               w - ring "Earthly Heaven" {Fly rN++ AC+4}

@: flying
A: fangs 1, reduced EV 1, disrupted magic 1, strong nose, distributed training
a: Renounce Religion


You were on level 10 of the Dungeon.
You worshipped Ru.
Ru was aware of your devotion.
You visited 2 branches of the dungeon, and saw 11 of its levels.
You also visited: Bailey.

You collected 444 gold pieces.

Inventory:

Hand Weapons
 a - a +1 short sword
 z - a +1 dagger of electrocution
 F - the +6 falchion of Roosea (weapon) {vorpal, rPois rCorr Str+3 Stlth-}
   (You found it on level 8 of the Dungeon)

   It inflicts extra damage upon your enemies.
   Str:       It affects your strength (+3).
   rPois:     It protects you from poison.
   rCorr:     It protects you from acid and corrosion.
   Stlth:     It makes you less stealthy.
 G - a +4 scimitar of holy wrath
Missiles
 l - 21 poisoned darts (quivered)
 A - 8 boomerangs
 E - a curare-tipped dart
Armour
 b - a +0 leather armour
 i - the +1 ring mail of Shadows and Fog (worn) {Str+4}
   (You found it on level 5 of the Dungeon)

   Str:       It affects your strength (+4).
 j - a +0 pair of gloves (worn)
 s - a +0 kite shield (worn)
 v - a +1 cloak (worn)
 x - a +0 pair of boots (worn)
Jewellery
 h - a +4 ring of evasion (left hand)
 o - a ring of fire
 w - the ring "Earthly Heaven" (right hand) {Fly rN++ AC+4}
   (You found it on level 2 of the Dungeon)

   [ring of protection]

   AC:        It affects your AC (+4).
   rN:        It greatly protects you from negative energy.
   Fly:       It grants you flight.
 y - an amulet of reflection (around neck)
 C - a ring of willpower
Wands
 g - a wand of digging (3)
 n - a wand of acid (2)
Scrolls
 c - a scroll of fog
 d - 2 scrolls of magic mapping
 e - 2 scrolls of fear
 k - 3 scrolls of blinking
 m - 3 scrolls of enchant armour
 q - a scroll of teleportation
 r - 2 scrolls of identify
 B - a scroll of enchant weapon
 D - a scroll of holy word
Potions
 f - 2 potions of haste
 p - 2 potions of brilliance
 t - a potion of lignification
 u - 5 potions of heal wounds
 H - 2 potions of might
 I - 2 potions of mutation
 J - 4 potions of magic
 K - 2 potions of invisibility
 L - a potion of resistance


   Skills:
 + Level 8.5 Fighting
 + Level 7.1 Short Blades
 + Level 5.3 Long Blades
 + Level 5.3 Axes
 + Level 5.3 Maces & Flails
 + Level 5.3 Polearms
 + Level 5.3 Staves
 + Level 5.3 Slings
 + Level 5.3 Bows
 + Level 5.3 Crossbows
 + Level 5.3 Throwing
 + Level 5.3 Armour
 + Level 7.1 Dodging
 + Level 11.0 Stealth
 + Level 5.3 Shields
 + Level 5.3 Unarmed Combat
 + Level 5.3 Spellcasting
 + Level 4.4 Conjurations
 + Level 4.4 Hexes
 + Level 4.4 Summonings
 + Level 4.4 Necromancy
 + Level 4.4 Translocations
 + Level 4.4 Transmutations
 + Level 4.4 Fire Magic
 + Level 4.4 Ice Magic
 + Level 4.4 Air Magic
 + Level 4.4 Earth Magic
 + Level 4.4 Poison Magic
 + Level 5.8 Invocations
 + Level 5.3 Evocations


You had 19 spell levels left.
You didn't know any spells.
Your spell library contained the following spells:

 Spells                   Type           Power      Damage    Failure   Level
 Beastly Appendage        Tmut           28%        N/A       21%         1
 Blink                    Tloc           28%        N/A       30%         2
 Wereblood                Tmut           14%        N/A       30%         2
 Conjure Flame            Conj/Fire      14%        6-21      47%         3
 Dazzling Flash           Conj/Hex       28%        N/A       47%         3
 Gell's Gravitas          Tloc           14%        N/A       47%         3
 Ignite Poison            Fire/Tmut/Pois 14%        N/A       47%         3
 Lesser Beckoning         Tloc           14%        N/A       47%         3
 Ozocubu's Armour         Ice            14%        N/A       47%         3
 Spider Form              Tmut/Pois      14%        N/A       47%         3
 Teleport Other           Tloc           14%        N/A       47%         3
 Sticky Flame             Conj/Fire      14%        2d4       86%         4
 Agony                    Necr           14%        N/A       99%         5
 Manifold Assault         Tloc           14%        N/A       99%         5
 Metabolic Englaciation   Hex/Ice        7%         N/A       99%         5
 Silence                  Hex/Air        7%         N/A       99%         5
 Simulacrum               Ice/Necr       7%         N/A       100%        6


Dungeon Overview and Level Annotations

Branches:
Dungeon (10/15)            Temple (1/1) D:4          Bailey (visited)
   Lair: D:8-11         Orc: D:9-12

Altars:
Nemelex Xobeh
Okawaru
Qazlal
Ru
Sif Muna
Beogh


Innate Abilities, Weirdness & Mutations

You have very sharp teeth.
You have somewhat slow reflexes. (EV -5)
Your casting is slightly disrupted.
Your uncanny sense of smell can sniff out nearby items.
Your experience applies equally to all skills.


Message History

You now have 444 gold pieces (gained 13).
There is a stone staircase leading up here.
You fly upwards.
The two-headed ogre shouts in stereo!
The orc misses you. You block the orc's attack.
The orc hits you but does no damage. You block the gnoll sergeant's attack.
There is a stone staircase leading down here.
You hit the orc.
The orc is heavily wounded.
You block the orc's attack. The orc hits you but does no damage.
You hit the orc.
You kill the orc!
You block the orc's attack.
You barely miss the orc.
The gnoll sergeant hits you but does no damage.
You fly downwards.
There is a stone staircase leading up here.
You slash the two-headed ogre!
The two-headed ogre is moderately wounded.
The two-headed ogre hits you with a +0 giant spiked club.
The two-headed ogre hits you but does no damage.
You slash the two-headed ogre!
You bite the two-headed ogre, but do no damage.
The two-headed ogre is heavily wounded.
The two-headed ogre hits you with a +0 giant spiked club!
You block the two-headed ogre's attack.
You barely miss the two-headed ogre.
The two-headed ogre is heavily wounded.
The two-headed ogre hits you with a +0 giant spiked club!
The two-headed ogre hits you with a +0 giant club!!
You barely miss the two-headed ogre.
You bite the two-headed ogre, but do no damage.
The two-headed ogre is heavily wounded.
The two-headed ogre hits you with a +0 giant spiked club!!
* * * LOW HITPOINT WARNING * * *
The two-headed ogre closely misses you.
You slash the two-headed ogre!
The two-headed ogre is almost dead.
The two-headed ogre hits you with a +0 giant spiked club!
You die...

..# ..# ### ..#
#####.## ..#
.......###..####
######..........$.#
.....(..O.)....>..##
#...@..........
##...#.........
##.##.......#.
#..........#
####:>.....#
#.###.### ... .#
##.## .# #.#


You could see a two-headed ogre.

Vanquished Creatures
  An orc knight (Bailey)
  Prince Ribbit (D:9)
  Sigmund (D:5)
  5 yaks (D:8)
  2 wyverns
  A steam dragon (D:8)
  A water moccasin (D:9)
  2 sky beasts (D:6)
  3 orc warriors (D:8)
  An ogre (D:6)
  A phantom (D:5)
  2 bullfrogs
  2 kobold brigands
  2 gnoll sergeants (D:9)
  A scorpion (D:4)
  8 killer bees
  4 wights (D:9)
  A howler monkey (D:4)
  6 hounds
  A jelly (D:7)
  A centaur skeleton (D:6)
  6 orc priests
  A bullfrog skeleton (D:6)
  Jessica (D:3)
  4 iguanas
  7 orc wizards
  A killer bee zombie (D:8)
  A howler monkey zombie (D:9)
  17 gnolls
  8 adders
  A shadow imp (D:8)
  A white imp (D:6)
  An adder skeleton (D:4)
  A worm (D:4)
  A dart slug (D:2)
  60 orcs
  5 endoplasms
  3 giant cockroaches (D:3)
  6 goblins
  5 hobgoblins
  4 jackals (D:5)
  2 quokkas
  4 ball pythons
  3 bats
  2 frilled lizards
  8 kobolds
200 creatures vanquished.

Vanquished Creatures (others)
  A kobold (D:8)
  29 plants
30 creatures vanquished.

Grand Total: 230 creatures vanquished

Notes
Turn   | Place    | Note
-------+----------+-------------------------------------------
     0 | D:5      | Reached skill level 9 in Stealth
     0 | D:5      | MisterFreud the Gnoll Delver began the quest for the Orb.
     0 | D:5      | Reached XP level 1. HP: 23/23 MP: 1/1
    25 | D:6      | Noticed a hound
    27 | D:6      | Noticed a sky beast
    28 | D:6      | Killed a hound
    29 | D:6      | Reached XP level 2. HP: 29/29 MP: 2/2
    29 | D:6      | Reached XP level 3. HP: 35/35 MP: 3/3
   104 | D:5      | Noticed a phantom
   105 | D:5      | Noticed a wyvern
   157 | D:5      | Identified the +1 ring mail of Shadows and Fog {Str+4}
   194 | D:4      | Reached skill level 1 in Long Blades
   194 | D:4      | Reached skill level 1 in Axes
   194 | D:4      | Reached skill level 1 in Maces & Flails
   194 | D:4      | Reached skill level 1 in Polearms
   194 | D:4      | Reached skill level 1 in Staves
   194 | D:4      | Reached skill level 1 in Slings
   194 | D:4      | Reached skill level 1 in Bows
   194 | D:4      | Reached skill level 1 in Crossbows
   194 | D:4      | Reached skill level 1 in Throwing
   194 | D:4      | Reached skill level 1 in Armour
   194 | D:4      | Reached skill level 1 in Shields
   194 | D:4      | Reached skill level 1 in Unarmed Combat
   194 | D:4      | Reached skill level 1 in Spellcasting
   194 | D:4      | Reached skill level 1 in Invocations
   194 | D:4      | Reached skill level 1 in Evocations
   194 | D:4      | Reached XP level 4. HP: 9/41 MP: 5/5
   653 | D:4      | Reached skill level 1 in Conjurations
   653 | D:4      | Reached skill level 1 in Hexes
   653 | D:4      | Reached skill level 1 in Summonings
   653 | D:4      | Reached skill level 1 in Necromancy
   653 | D:4      | Reached skill level 1 in Translocations
   653 | D:4      | Reached skill level 1 in Transmutations
   653 | D:4      | Reached skill level 1 in Fire Magic
   653 | D:4      | Reached skill level 1 in Ice Magic
   653 | D:4      | Reached skill level 1 in Air Magic
   653 | D:4      | Reached skill level 1 in Earth Magic
   653 | D:4      | Reached skill level 1 in Poison Magic
   797 | D:3      | Reached XP level 5. HP: 47/47 MP: 6/6
   804 | D:3      | Noticed Jessica
   823 | D:3      | Killed Jessica
  2019 | D:1      | Found a sparkling altar of Nemelex Xobeh.
  2188 | D:2      | Identified the ring "Earthly Heaven" {Fly rN++ AC+4}
  2328 | D:2      | Found a shimmering blue altar of Sif Muna.
  2597 | D:3      | Reached XP level 6. HP: 52/53 MP: 8/8
  2683 | D:3      | Found an iron altar of Okawaru.
  2738 | D:3      | Reached skill level 5 in Short Blades
  2738 | D:3      | Reached skill level 5 in Dodging
  3625 | D:4      | Found a staircase to the Ecumenical Temple.
  3655 | Temple   | Entered the Ecumenical Temple
  3667 | Temple   | Became a worshipper of Ru the Awakened
  4662 | D:5      | Reached XP level 7. HP: 59/59 MP: 10/10
  4668 | D:5      | Noticed Sigmund
  4702 | D:5      | Killed Sigmund
  4999 | D:5      | Reached skill level 10 in Stealth
  5339 | D:5      | Killed a wyvern
  5340 | D:5      | Reached XP level 8. HP: 67/67 MP: 12/12
  5631 | D:6      | Gained mutation: Your casting is slightly disrupted. [Ru
                  | sacrifice]
  6869 | D:7      | Reached XP level 9. HP: 72/72 MP: 14/14
  8330 | D:8      | Identified the +6 falchion of Roosea {vorpal, rPois rCorr
                  | Str+3 Stlth-}
  8382 | D:8      | Reached skill level 5 in Invocations
  8702 | D:8      | Reached XP level 10. HP: 63/80 MP: 17/17
  8735 | D:8      | HP: 3/80 [orc priest/divine providence (11)]
  9101 | D:9      | Found a stormy altar of Qazlal.
  9109 | D:9      | Noticed Prince Ribbit
  9117 | D:9      | Gained mutation: You have somewhat slow reflexes. (EV -5)
                  | [Ru sacrifice]
  9117 | D:9      | Reached * piety under Ru
  9126 | D:9      | Killed Prince Ribbit
  9127 | D:9      | Reached skill level 5 in Long Blades
  9127 | D:9      | Reached skill level 5 in Axes
  9127 | D:9      | Reached skill level 5 in Maces & Flails
  9127 | D:9      | Reached skill level 5 in Polearms
  9127 | D:9      | Reached skill level 5 in Staves
  9127 | D:9      | Reached skill level 5 in Slings
  9127 | D:9      | Reached skill level 5 in Bows
  9127 | D:9      | Reached skill level 5 in Crossbows
  9127 | D:9      | Reached skill level 5 in Throwing
  9127 | D:9      | Reached skill level 5 in Armour
  9127 | D:9      | Reached skill level 5 in Shields
  9127 | D:9      | Reached skill level 5 in Unarmed Combat
  9127 | D:9      | Reached skill level 5 in Spellcasting
  9127 | D:9      | Reached skill level 5 in Evocations
  9226 | D:9      | Found a flagged portal.
  9234 | Bailey   | Entered a bailey
  9409 | Bailey   | Noticed an orc knight
  9627 | Bailey   | Killed an orc knight
 10235 | D:9      | Noticed a two-headed ogre
 10246 | D:10     | Entered Level 10 of the Dungeon
 10249 | D:10     | Reached skill level 11 in Stealth
 10280 | D:10     | Slain by a two-headed ogre

Illustrated notes

Levels and vault maps discovered:
D:1:      erik_arrival_blinker_ship, layout_loops_cross,
          minmay_misc_feat_diagonals, kennysheep_flooded_box,
          grunt_decor_arrowhead
D:2:      layout_rooms, basic_altar
D:3:      layout_loops_cross, okawaru_gym_becter, uniq_jessica
D:4:      layout_basic, minmay_temple_entry_hall
D:5:      layout_basic, serial_bayou, serial_bayou_crossing,
          serial_bayou_ford_a, serial_bayou_shore_a, serial_bayou_pond_c,
          uniq_sigmund
D:6:      layout_rooms
D:7:      layout_loops_ring
D:8:      layout_rooms, special_room [special_room_orc],
          eino_small_chamber_without_monster, hangedman_decor_slide_cut
D:9:      gammafunk_indiana_jones, layout_cave_pods, enter_bailey_2,
          serial_park, serial_park_tiny_1, serial_park_tiny_pond,
          serial_park_square3 [serial_park_minivault_5x5_5], serial_park_square3
          [serial_park_minivault_5x5_4], serial_park_gazebo
          [serial_park_minivault_5x5_5], uniq_prince_ribbit1
D:10:     layout_loops_ring, lair_entry_dummy, hiddenorc2_lemuel,
          small_statue_intersection
Temple:   mainiacjoe_temple_archimedes_tessellation

Skill      XL: |  1  2  3  4  5  6  7  8  9 10 |
---------------+-------------------------------+-----
Stealth        | 10 11 | 11.0
Long Blades    | 1 2 3 4 5 |  5.3
Axes           | 1 2 3 4 5 |  5.3
Maces & Flails | 1 2 3 4 5 |  5.3
Polearms       | 1 2 3 4 5 |  5.3
Staves         | 1 2 3 4 5 |  5.3
Slings         | 1 2 3 4 5 |  5.3
Bows           | 1 2 3 4 5 |  5.3
Crossbows      | 1 2 3 4 5 |  5.3
Throwing       | 1 2 3 4 5 |  5.3
Armour         | 1 2 3 4 5 |  5.3
Shields        | 1 2 3 4 5 |  5.3
Unarmed Combat | 1 2 3 4 5 |  5.3
Spellcasting   | 1 2 3 4 5 |  5.3
Invocations    | 1 2 3 4 5 |  5.8
Evocations     | 1 2 3 4 5 |  5.3
Conjurations   | 1 2 3 4 |  4.4
Hexes          | 1 2 3 4 |  4.4
Summonings     | 1 2 3 4 |  4.4
Necromancy     | 1 2 3 4 |  4.4
Translocations | 1 2 3 4 |  4.4
Transmutations | 1 2 3 4 |  4.4
Fire Magic     | 1 2 3 4 |  4.4
Ice Magic      | 1 2 3 4 |  4.4
Air Magic      | 1 2 3 4 |  4.4
Earth Magic    | 1 2 3 4 |  4.4
Poison Magic   | 1 2 3 4 |  4.4
Short Blades   | 5 6 7 |  7.1
Dodging        | 5 6 7 |  7.1
Fighting       | 7 8 |  8.5

Action                   |  1- 3 |  4- 6 |  7- 9 | 10-12 || total
-------------------------+-------+-------+-------+-------++-------
Melee: Short sword       |    43 |   307 |   343 |       ||   693
       Bite              |     4 |    27 |    83 |    18 ||   132
       Punch             |       |    11 |     4 |       ||    15
       Dagger            |       |       |   270 |       ||   270
       Falchion          |       |       |    77 |   155 ||   232
Invok: Sacrifice Essence |       |       |     1 |       ||     1
       Sacrifice Health  |       |       |       |     1 ||     1
  Use: Potion            |     1 |       |     1 |     2 ||     4
       Scroll            |       |     8 |     4 |     4 ||    16
 Stab: Sleeping          |     2 |    17 |    10 |     9 ||    38
Armor: Leather armour    |     4 |       |       |       ||     4
       Ring mail         |       |    84 |   153 |    31 ||   268
Dodge: Dodged            |    27 |   164 |   231 |    40 ||   462
Block: Other             |       |     1 |    13 |       ||    14
       Kite shield       |       |       |   326 |   125 ||   451
       Reflection        |       |       |     6 |       ||     6
